 Dungeon Crawl Stone Soup version 0.21.0-24-g2553a33 (webtiles) character file.

28 tidbits the Sneak (level 3, 7/25 HPs)
             Began as a Gnoll Enchanter on Jan 20, 2018.
             Quit the game on level 4 of the Dungeon.
             The game lasted 00:03:29 (322 turns).

tidbits the Sneak (Gnoll Enchanter)                  Turns: 322, Time: 00:03:30

Health: 7/25       AC:  2    Str: 10    XL:     3   Next: 14%
Magic:  0/9        EV: 14    Int: 18    God:
Gold:   42         SH:  0    Dex: 15    Spells: 9/12 levels left

rFire    . . .     SeeInvis .   a - +1 dagger
rCold    . . .     Gourm    .   (no shield)
rNeg     . . .     Faith    .   b - +0 robe
rPois    .         Spirit   .   (no helmet)
rElec    .         Reflect  .   (no cloak)
rCorr    .         Harm     .   (no gloves)
MR       .....                  (no boots)
Stlth    +++.......             (no amulet)
HPRegen  0.08/turn              (no ring)
MPRegen  0.11/turn              (no ring)

@: flying
A: distributed training, fangs 1, strong nose
a: no special abilities


You were on level 4 of the Dungeon.
You were full.

You visited 1 branch of the dungeon, and saw 4 of its levels.

You collected 42 gold pieces.

Inventory:

Hand Weapons
 a - a +1 dagger (weapon)
 f - a +0 short sword
Armour
 b - a +0 robe (worn)
Scrolls
 g - a scroll of teleportation {unknown}
 h - a scroll of identify {unknown}
 i - 3 scrolls of random uselessness {unknown}
 j - a scroll of amnesia {unknown}
Books
 c - a book of Maledictions

   Spells                             Type                      Level
   a - Corona                         Hexes                        1
   b - Ensorcelled Hibernation        Hexes/Ice                    2
   c - Confuse                        Hexes                        3
   d - Tukima's Dance                 Hexes                        3
   e - Dazzling Spray                 Conjuration/Hexes            3
Comestibles
 d - 2 rations


   Skills:
 + Level 0.6 Fighting
 + Level 2.5 Short Blades
 + Level 0.6 Long Blades
 + Level 0.6 Axes
 + Level 0.6 Maces & Flails
 + Level 0.6 Polearms
 + Level 0.6 Staves
 + Level 0.6 Slings
 + Level 0.6 Bows
 + Level 0.6 Crossbows
 + Level 0.6 Throwing
 + Level 0.6 Armour
 + Level 4.5 Dodging
 + Level 5.9 Stealth
 + Level 0.6 Shields
 + Level 0.6 Unarmed Combat
 + Level 5.0 Spellcasting
 + Level 0.4 Conjurations
 + Level 5.4 Hexes
 + Level 0.4 Charms
 + Level 0.4 Summonings
 + Level 0.4 Necromancy
 + Level 0.4 Translocations
 + Level 0.4 Transmutations
 + Level 0.4 Fire Magic
 + Level 0.4 Ice Magic
 + Level 0.4 Air Magic
 + Level 0.4 Earth Magic
 + Level 0.4 Poison Magic
 + Level 0.8 Invocations
 + Level 0.6 Evocations


You had 9 spell levels left.
You knew the following spells:

 Your Spells              Type           Power        Failure   Level  Hunger
e - Ensorcelled Hibernat  Hex/Ice        ###...       6%          2    #......
o - Corona                Hex            ###....      1%          1    None


Dungeon Overview and Level Annotations

Branches:
Dungeon (4/15)
 Temple: D:4-7

Altars:
Hepliaklqana
Kikubaaqudgha
Nemelex Xobeh

Annotations:
D:2 Robin
D:4 Edmund


Innate Abilities, Weirdness & Mutations

Your experience applies equally to all skills.
You have very sharp teeth.
Your uncanny sense of smell can sniff out nearby items.


Message History

You hit the jackal.
The jackal is severely wounded.
The jackal completely misses you. x2
You hit the jackal.
You kill the jackal!
A leopard gecko and an adder come into view.
Found a ration.
The helpless leopard gecko fails to defend itself.
You impale the leopard gecko!!
You kill the leopard gecko!
An orc comes into view. It is wielding a club.
Found a fizzy grey potion.
The helpless adder fails to defend itself.
You impale the adder!!
You kill the adder!
You have reached level 3!
Your experience leads to an increase in your attributes!
Increase (S)trength, (I)ntelligence, or (D)exterity?
You feel clever.
You see here a ration.
d - 2 rations (gained 1)
Casting: Corona
Confirm with . or Enter, or press ? or * to list all spells.
Aiming: Ensorcelled Hibernation
Press: ? - help, Shift-Dir - straight line, f - orc
Aim: an orc, wielding a club (chance to defeat MR: 62%)
The orc looks drowsy...
The helpless orc fails to defend itself.
You impale the orc!!
You kill the orc!
Your Spellcasting skill increases to level 5!
You hear the slow rusting of a very distant drain.
You see here a club.
A bat comes into view.
You see here a fizzy grey potion.
k - a fizzy grey potion
Found a stone staircase leading down.
A goblin comes into view.
It is wielding a dagger. 2 orcs come into view.
The orc shouts!
The goblin shouts!
Casting: Ensorcelled Hibernation
Confirm with . or Enter, or press ? or * to list all spells.
Aiming: Ensorcelled Hibernation
Press: ? - help, Shift-Dir - straight line, f - goblin
Aim: a goblin, wielding a dagger (chance to defeat MR: 63%)
The goblin resists with significant effort.
The orc shouts!
The orc throws a tomahawk.
The tomahawk misses you. The goblin closely misses you.
You hit the goblin but do no damage.
The orc throws a tomahawk.
The tomahawk barely misses you. The goblin hits you with a dagger.
There is a stone staircase leading down here.
The bat closely misses you. The goblin hits you with a dagger.
You climb downwards.
Edmund the Younger comes into view.
He is wielding a dire flail of protection.
There is a stone staircase leading up here.
You closely miss the goblin.
Edmund shouts!
The goblin hits you with a dagger.
It was a potion of curing.
You feel better. The goblin hits you but does no damage.
It was a potion of flight.
You feel very buoyant.
You fly up into the air.
The goblin completely misses you.
Okay, then.
You hit the goblin.
You kill the goblin!
Casting: Ensorcelled Hibernation
Confirm with . or Enter, or press ? or * to list all spells.
Aiming: Ensorcelled Hibernation
Press: ? - help, Shift-Dir - straight line, f - Edmund
Aim: Edmund, wielding a dire flail of protection and wearing a shiny chain mail (chance to defeat MR: 46%) Edmund looks drowsy...
The helpless Edmund fails to defend himself.
You impale Edmund!!
Edmund is heavily wounded.
Edmund misses you.
You feel better.
Edmund hits you with a dire flail of protection!
You feel better.
Edmund hits you with a dire flail of protection.
Casting: Ensorcelled Hibernation
Confirm with . or Enter, or press ? or * to list all spells.
Aiming: Corona
Press: ? - help, Shift-Dir - straight line, f/p - Edmund
Aim: Edmund, wielding a dire flail of protection and wearing a shiny chain mail (heavily wounded, chance to defeat MR: 62%) Edmund struggles to resist.
Edmund hits you with a dire flail of protection!
Casting: Corona
Confirm with . or Enter, or press ? or * to list all spells.
Aiming: Corona
Press: ? - help, Shift-Dir - straight line, f/p - Edmund
Aim: Edmund, wielding a dire flail of protection and wearing a shiny chain mail (heavily wounded, chance to defeat MR: 62%) Edmund is outlined in light.
Edmund hits you with a dire flail of protection!
* * * LOW HITPOINT WARNING * * *
You feel better.
Edmund hits you with a dire flail of protection!
* * * LOW HITPOINT WARNING * * *
Are you sure you want to abandon this character and quit the game? (Confirm with "yes".) ∆∆ # #. #..### #..@@# ##.### .. ##

You could see Edmund.

Vanquished Creatures
  An adder (D:3)
  2 leopard geckos
  An orc (D:3)
  A giant cockroach (D:1)
  2 goblins
  A hobgoblin (D:1)
  2 jackals (D:3)
  2 kobolds (D:2)
  3 frilled lizards (D:2)
  A rat (D:2)
16 creatures vanquished.

Notes
Turn   | Place    | Note
-------+----------+-------------------------------------------
     0 | D:1      | tidbits the Gnoll Enchanter began the quest for the Orb.
     0 | D:1      | Reached XP level 1. HP: 13/13 MP: 6/6
    71 | D:2      | Found a sparkling altar of Nemelex Xobeh.
    96 | D:2      | Found an ancient bone altar of Kikubaaqudgha.
   115 | D:2      | Noticed Robin
   124 | D:1      | Reached XP level 2. HP: 8/19 MP: 3/7
   128 | D:1      | Learned a level 2 spell: Ensorcelled Hibernation
   202 | D:2      | Found a hazy altar of Hepliaklqana.
   274 | D:3      | Reached XP level 3. HP: 17/25 MP: 3/9
   285 | D:3      | Reached skill level 5 in Spellcasting
   310 | D:4      | Noticed Edmund
   322 | D:4      | Quit the game

Skill      XL: |  1  2  3 |
---------------+----------+-----
Spellcasting   | 5 |  5.0
Fighting       | |  0.6
Short Blades   | |  2.5
Long Blades    | |  0.6
Axes           | |  0.6
Maces & Flails | |  0.6
Polearms       | |  0.6
Staves         | |  0.6
Slings         | |  0.6
Bows           | |  0.6
Crossbows      | |  0.6
Throwing       | |  0.6
Armour         | |  0.6
Dodging        | |  4.5
Stealth        | |  5.9
Shields        | |  0.6
Unarmed Combat | |  0.6
Conjurations   | |  0.4
Hexes          | |  5.4
Charms         | |  0.4
Summonings     | |  0.4
Necromancy     | |  0.4
Translocations | |  0.4
Transmutations | |  0.4
Fire Magic     | |  0.4
Ice Magic      | |  0.4
Air Magic      | |  0.4
Earth Magic    | |  0.4
Poison Magic   | |  0.4
Invocations    | |  0.8
Evocations     | |  0.6

Action                   || total
-------------------------++-------
Melee: Dagger            ||    41
       Bite              ||     1
 Cast: Corona            ||    12
       Ensorcelled Hiber ||     5
  Use: Scroll            ||     2
       Potion            ||     5
 Stab: Sleeping          ||     7
  Eat: Ration            ||     1
Armor: Robe              ||     7
Dodge: Dodged            ||    33

Table legend:
 A = Turns spent in this place as a percentage of turns spent in the entire game.
 B = Non-inter-level travel turns spent in this place as a percentage of non-inter-level travel turns spent in the entire game.
 C = Inter-level travel turns spent in this place as a percentage of turns spent in this place.
 D = Turns resting spent in this place as a percentage of non-inter-level travel turns spent in this place.
 E = Turns spent auto-exploring this place as a percentage of non-inter-level travel turns spent in this place.
 F = Non-inter-level travel turns spent in this place divided by the number of levels of this place that you've seen.
                   A       B       C       D       E      F
               +-------+-------+-------+-------+-------+----------------------
         Total | 100.0 | 100.0 |   0.0 |   0.0 |   0.0 |  80.5
       Dungeon | 100.0 | 100.0 |   0.0 |   0.0 |   0.0 |  80.5
               +-------+-------+-------+-------+-------+----------------------

Table legend:
 A = Kills in this place as a percentage of kills in entire the game.
 B = Kills by you in this place as a percentage of kills by you in the entire game.
 C = Kills by friends in this place as a percentage of kills by friends in the entire game.
 D = Other kills in this place as a percentage of other kills in the entire game.
 E = Experience gained in this place as a percentage of experience gained in the entire game.
 F = Experience gained in this place divided by the number of levels of this place that you have seen.
                   A       B       C       D       E      F
               +-------+-------+-------+-------+-------+----------------------
         Total | 100.0 | 100.0 |   N/A |   N/A | 100.0 |  10.2
       Dungeon | 100.0 | 100.0 |   N/A |   N/A | 100.0 |  10.2
               +-------+-------+-------+-------+-------+----------------------

Vault maps used:
D:1:      scummos_arrival_forest, serial_bayou_crossing
D:2:      nicolae_ru_path_of_blood, nemelex_xobeh_ov_fountains_minmay,
          lemuel_crystal_altar, lemuel_crystal_altar, zin_treasury,
          kennysheep_generic_room_8, uniq_robin
D:3:      grunt_dithmenos_smoke_and_mirrors, first_ration, portal_sewer_entry_b,
          trog_book
D:4:      temple_green, hangedman_abyss_or_decor_slice, uniq_edmund
